 Dungeon Crawl Stone Soup version 0.26.1-10-gdfb7c7de75 (webtiles) character file.

Game seed: 12126930975321257154

56 smokedtuna the Firebug (level 3, -5/26 HPs)
             Began as a Draconian Fire Elementalist on Apr 3, 2021.
             Slain by a gnoll
             ... wielding a +0 halberd
              (10 damage)
             ... on level 2 of the Dungeon.
             The game lasted 00:07:38 (1389 turns).

smokedtuna the Firebug (DrFE)                       Turns: 1389, Time: 00:07:39

Health: -5/26      AC:  5    Str: 10    XL:     3   Next: 71%
Magic:  2/6        EV: 12    Int: 16    God:
Gold:   31         SH:  0    Dex: 11    Spells: 2/6 levels left

rFire    . . .     SeeInvis .     - Unarmed
rCold    . . .     Faith    .   (no shield)
rNeg     . . .     Spirit   .   (armour unavailable)
rPois    .         Reflect  .   (helmet restricted)
rElec    .         Harm     .   (no cloak)
rCorr    .         Rampage  .   (no gloves)
Will     .....                  (no boots)
Stlth    ++........             (no amulet)
HPRegen  0.08/turn              (no ring)
MPRegen  0.10/turn              (no ring)

@: very slightly contaminated
A: unfitting armour, cold-blooded, AC +5
a: no special abilities


You were on level 2 of the Dungeon.
You visited 1 branch of the dungeon, and saw 2 of its levels.

You collected 31 gold pieces.

Inventory:

Scrolls
 a - a scroll of remove curse {unknown}
 b - 2 scrolls of identify {unknown}
 d - a scroll of magic mapping {unknown}
Potions
 c - a potion of flight {unknown}
 e - a potion of attraction {unknown}
 f - 2 potions of haste {unknown}
 g - a potion of heal wounds {unknown}


   Skills:
 + Level 0.1 Fighting
 + Level 2.3 Dodging
 + Level 1.9 Stealth
 + Level 1.0 Unarmed Combat
 + Level 2.4 Spellcasting
 + Level 1.5 Conjurations
 + Level 3.5 Fire Magic


You had 2 spell levels left.
You knew the following spells:

 Your Spells              Type           Power        Failure   Level
a - Foxfire               Conj/Fire      36%          7%          1
b - Conjure Flame         Conj/Fire      9%           22%         3

Your spell library contained the following spells:

 Spells                   Type           Power        Failure   Level
 Inner Flame              Hex/Fire       7%           28%         3
 Sticky Flame             Conj/Fire      9%           56%         4
 Fireball                 Conj/Fire      4%           89%         5


Dungeon Overview and Level Annotations

Branches:
Dungeon (2/15)

Altars:


Innate Abilities, Weirdness & Mutations

Your plain brown scales are hard. (AC +5)
You cannot fit into any form of body armour.
You are cold-blooded and may be slowed by cold attacks.


Message History

You are very lightly contaminated with residual magic.
Nothing appears to happen.
The hobgoblin shouts!
The gnoll closely misses you. The kobold hits you with a +0 club.
The hobgoblin barely misses you.
Casting: Foxfire (safe; 7% risk of failure)
Press: ? - help, Q - select action Dir - look around, f - activate You conjure some foxfire!
The gnoll closely misses you. The kobold hits you with a +0 club.
The foxfire hits the kobold but does no damage.
The foxfire hits the kobold.
You kill the kobold!
Casting: Foxfire (safe; 7% risk of failure)
Press: ? - help, Q - select action Dir - look around, f - activate You conjure some foxfire!
The hobgoblin closely misses you.
The gnoll hits you from afar with a +0 spear!
* * * LOW HITPOINT WARNING * * *
The gnoll hits you from afar with a +0 halberd!
You die...

#..........#
#..........#
#..........#
#..........#
#..........# #...g....#
##.....l..## .#
#.....v@...# #.#
#.....vg†).# #.# .#
#......g.g.#####.#####.#
#......(.....##..>..#...
#........).#.#..........
##.........#..........>.
##.....................
###...#...............
###....##.g.........


You could see 2 gnolls, 2 hobgoblins and a frilled lizard.

Vanquished Creatures
  3 gnolls
  4 hobgoblins
  7 jackals
  5 kobolds
  2 bats (D:1)
  2 frilled lizards (D:1)
  3 rats (D:1)
26 creatures vanquished.

Vanquished Creatures (others)
  60 foxfires
60 creatures vanquished.

Grand Total: 86 creatures vanquished

Notes
Turn   | Place    | Note
-------+----------+-------------------------------------------
     0 | D:1      | smokedtuna the Draconian Fire Elementalist began the quest
                  | for the Orb.
     0 | D:1      | Reached XP level 1. HP: 14/14 MP: 3/3
   420 | D:1      | Reached XP level 2. HP: 14/20 MP: 3/5
  1184 | D:2      | Reached XP level 3. HP: 26/26 MP: 1/6
  1274 | D:2      | Learned a level 3 spell: Conjure Flame
  1327 | D:2      | Reached skill level 1 in Unarmed Combat
  1389 | D:2      | Slain by a gnoll

Illustrated notes

Levels and vault maps discovered:
D:1:      kennysheep_arrival_forest, layout_loops_corners, minivault_25
D:2:      layout_rooms

Skill      XL: |  1  2  3 |
---------------+----------+-----
Dodging        | 2 |  2.3
Unarmed Combat | 1 |  1.0
Fighting       | |  0.1
Stealth        | |  1.9
Spellcasting   | |  2.4
Conjurations   | |  1.5
Fire Magic     | |  3.5

Action                   || total
-------------------------++-------
Melee: Unarmed           ||   100
       Tailslap          ||     3
 Cast: Foxfire           ||    39
 Stab: Sleeping          ||     1
Armor: Skin              ||    67
Dodge: Dodged            ||   117
